 Dungeon Crawl Stone Soup version 0.21.0 (webtiles) character file.

312891 AllRandomAllDemise the Executioner (level 20, -1/193 HPs)
             Began as a Minotaur Berserker on Jan 7, 2018.
             Was the Champion of Trog.
             Killed by divine providence
             ... invoked by a sphinx
              (12 damage)
             ... on level 5 of the Vaults.
             The game lasted 00:37:07 (40319 turns).

AllRandomAllDemise the Executioner (MiBe)          Turns: 40319, Time: 00:37:07

Health: -1/193     AC: 44    Str: 28    XL:     20   Next: 45%
Magic:  19/19      EV: 19    Int:  5    God:    Trog [******]
Gold:   875        SH:  0    Dex: 20    Spells: 19/19 levels left

rFire    + . .     SeeInvis +   a - +8 battleaxe (vamp) {!w}
rCold    . . .     Gourm    .   (shield currently unavailable)
rNeg     . . .     Faith    .   P - +15 Maxwell's patent armour {-Cast -Tele rElec MR+ rCorr}
rPois    .         Spirit   .   M - +2 hat {SInv}
rElec    +         Reflect  .   (no cloak)
rCorr    +         Harm     .   R - +1 pair of gloves {Dex+3}
MR       ++++.     Rnd*Rage +   J - +1 pair of boots Stlth ..........NoTele +
                                (no amulet)
HPRegen  1.42/turn NoCast   +   N - +2 ring of protection
MPRegen  0.16/turn              A - +3 ring of slaying

@: mighty, marked, berserk cooldown, regenerating, hasted, heavily drained, very
quick
A: retaliatory headbutt, horns 2, repulsion field 1, icy blue scales 1, berserk
1, fire resistance 1
}: 2/15 runes: decaying, serpentine
a: Berserk, Trog's Hand, Brothers in Arms, Burn Spellbooks, Renounce Religion


You were on level 5 of the Vaults.
You worshipped Trog.
Trog was exalted by your worship.
You were not hungry.

You visited 6 branches of the dungeon, and saw 36 of its levels.
You visited 1 bazaar.
You also visited: Labyrinth, Sewer and Volcano.

You collected 3248 gold pieces.
You spent 2373 gold pieces at shops.

Inventory:

Hand Weapons
 a - a +8 vampiric battleaxe (weapon) {!w}
 K - a +4 executioner's axe of venom
 S - a +4 battleaxe of flaming
Armour
 G - a +1 plate armour of fire resistance
 J - a +1 pair of boots (worn)
 M - a +2 hat of see invisible (worn)
 P - the +15 Maxwell's patent armour (worn) {-Cast -Tele rElec MR+ rCorr}
   (You found it in a labyrinth)

   It insulates you from electricity.
   It affects your resistance to hostile enchantments.
   It prevents spellcasting.
   It prevents most forms of teleportation.
   It protects you from acid and corrosion.
 R - a +1 pair of gloves of dexterity (worn)
Jewellery
 b - an uncursed ring of protection from magic
 g - an uncursed ring of protection from cold
 o - the ring of the Tuna {rN+ Str+6 Int-3 SInv}
   (You took it off a minotaur in a labyrinth)

   [ring of positive energy]

   It affects your strength (+6).
   It affects your intelligence (-3).
   It protects you from negative energy.
   It lets you see invisible.
 s - the amulet "Ryleadur" {rElec rF- Regen+ Str+3 Stlth+}
   (You found it on level 6 of the Lair of Beasts)

   [amulet of regeneration]

   It affects your strength (+3).
   It makes you vulnerable to fire.
   It insulates you from electricity.
   It increases your rate of regeneration.
   It makes you more stealthy.
 y - a +6 ring of protection
 A - a +3 ring of slaying (right hand)
 E - an uncursed ring of poison resistance
 N - a +2 ring of protection (left hand)
 O - the ring of Gawoigg {rElec Str+2 Stlth+}
   (You found it in a labyrinth)

   [ring of stealth]

   It affects your strength (+2).
   It insulates you from electricity.
   It makes you more stealthy.
Wands
 p - a wand of disintegration (24)
 C - a wand of digging (43)
 Q - a wand of iceblast (21)
 T - a wand of acid (17)
Scrolls
 d - 3 scrolls of fog
 h - 17 scrolls of remove curse
 m - 11 scrolls of identify
 v - a scroll of holy word
 w - 18 scrolls of teleportation
 x - a scroll of enchant armour
 z - 6 scrolls of blinking
 B - 2 scrolls of magic mapping
 D - 4 scrolls of fear
Potions
 e - 8 potions of berserk rage
 f - 4 potions of agility
 i - 18 potions of curing
 j - 2 potions of cancellation
 k - a potion of invisibility
 l - 11 potions of flight
 n - 5 potions of resistance
 q - 6 potions of lignification {!q}
 r - 6 potions of haste
 t - 3 potions of ambrosia
 u - 6 potions of brilliance
 F - 5 potions of heal wounds
 L - 5 potions of might
Miscellaneous
 H - a lamp of fire
Comestibles
 c - 24 rations


   Skills:
 + Level 20.2(18.2) Fighting
 * Level 26.6(24.3) Axes
 + Level 19.8(17.8) Armour
 + Level 14.3(12.5) Dodging


You had 19 spell levels left.
You didn't know any spells.

Dungeon Overview and Level Annotations

Branches:
Dungeon (15/15)            Temple (0/1) D:6            Lair (6/6) D:10
  Swamp (4/4) Lair:2        Snake (4/4) Lair:4        Slime (0/5) Lair:6
    Orc (2/2) D:12         Vaults (5/5) D:13          Crypt (0/3) Vaults:2
 Depths (0/5) D:15
    Elf: Orc:2

Altars:
Ashenzari
Cheibriados
Dithmenos
Gozag
Hepliaklqana
Kikubaaqudgha
Makhleb
Nemelex Xobeh
Okawaru
Uskayaw
Vehumet
Wu Jian
Xom
Yredelemnul
Beogh
Jiyva

Shops:
D:10 !   D:13 [   D:15 }   Orc:2 (:[*   Snake:3 :   Vaults:1 *   Vaults:2 *
Vaults:3 *   Vaults:4 [

Portals:
Hell: Lair:6

Annotations:
Lair:6 exclusion: door


Innate Abilities, Weirdness & Mutations

You reflexively headbutt those who attack you in melee.
You have a pair of horns on your head.
You are surrounded by a mild repulsion field. (EV +2)
You are partially covered in icy blue scales. (AC +2)
You tend to lose your temper in combat.
Your flesh is heat resistant. (rF+)


Message History

The ettin closely misses your vault warden.
The ettin hits your vault warden with a dire flail!
The troll barely misses your vault warden.
The troll claws your vault warden!
The troll closely misses your vault warden.
The ironbrand convoker points at the crawling corpse and mumbles some strange words.
The crawling corpse seems to grow stronger.
A shadow dragon, a frost giant, 4 small abominations, 12 crawling corpses and an ironheart preserver come into view.
The frost giant is wielding a battleaxe of freezing.
Unknown command.
You chop the deep elf high priest into pieces!!!
You kill the deep elf high priest!
Trog accepts your kill.
You hit the war gargoyle. You slash the crawling corpse!
You open the small abomination like a pillowcase!!!
You cut the shadow dragon into ribbons!!!
You slice the sphinx!!
You feel better.
The sphinx casts a spell.
Something smites you!
You die... #....# ....# p# #.D..#...?.# #O# #....#...... #.# #....#...... #C##ppx.#C..... #Oxx...pQp.p

####.G)xxx)c######
....xW)9xx.x......
......<@xx.x.....)
.....cHDp)(.......
.....D(CT(.x......
####.x.c^WD)######
#p.T.e..p((#
#...#.c..#x*#
sC#.##.?..###He
9### #....#


Qp# #....# #.. You could see 4 shadow dragons, 2 ironheart preservers, a frost
giant, 2 sphinxes, 2 vault wardens, 2 tengu reavers, a yaktaur captain, a vault
guard, a deep elf annihilator, 3 ettins, a deep elf elementalist, 2 two-headed
ogres, a deep troll, 2 war gargoyles, 2 vault sentinels, a phantasmal warrior, 2
ironbrand convokers, a yaktaur, a troll shaped shifter, a redback shaped
shifter, 4 small abominations, a battlesphere, 12 crawling corpses, a friendly
vault warden, a friendly eye of devastation, 2 friendly yaktaurs and a friendly
freezing wraith.

Vanquished Creatures
  the Lernaean hydra (Swamp:4)
  Saint Roka (Orc:2)
  Vashnia (Snake:3)
  Jorgrun (Snake:3)
  A lich (Vaults:5)
  The ghost of edsrzf the Severer, an adept BaWz of Cheibriados (Swamp:4)
  A sphinx (Vaults:5)
  Kirke (Snake:4)
  A storm dragon (Vaults:4)
  Gastronok (D:11)
  2 shadow dragons (Vaults:5)
  A frost giant (Vaults:5)
  7 nagarajas
  2 deep elf sorcerers
  Aizul (Snake:4)
  6 vault wardens
  8 ironheart preservers
  A war gargoyle (Vaults:2)
  4 stone giants
  A very ugly thing (Swamp:1)
  A deep elf demonologist (Vaults:1)
  A minotaur (Lab)
  A fire dragon (D:15)
  Josephine (D:11)
  3 ettins (Vaults:5)
  9 ogre magi
  2 deep elf high priests (Vaults:5)
  4 yaktaur captains
  Erolcha (D:9)
  19 hydras
  20 naga warriors
  28 vault guards
  2 great orbs of eyes
  A rakshasa (Vaults:2)
  Erica (D:8)
  9 centaur warriors
  2 ice dragons
  22 anacondas
  2 death knights (Vaults:3)
  4 alligators
  27 two-headed ogres
  A dancing weapon (Vaults:5)
  2 ghost crabs
  A tengu warrior (Swamp:4)
  2 orc high priests
  A deep troll earth mage (D:13)
  12 naga sharpshooters
  7 shock serpents (Snake:4)
  A hell knight (Volcano)
  A sun demon (Lair:6)
  Nergalle (Orc:1)
  3 spriggans
  A deep elf knight (Vaults:4)
  4 skeletal warriors (Vaults:2)
  4 salamander mystics (Snake:4)
  2 shadow wraiths
  10 swamp dragons
  12 ironbrand convokers
  9 naga ritualists
  3 unseen horrors
  2 glowing orange brains (Vaults:4)
  3 deep elf archers
  4 phantasmal warriors (Vaults:5)
  2 shambling mangroves
  A deep troll (Vaults:4)
  4 lindwurms (Snake:4)
  3 wizards
  5 orc knights
  3 necromancers
  Pikel (D:7)
  9 deep elf magi
  4 wolf spiders
  A salamander (shapeshifter) (D:15)
  4 cyclopes
  6 salamanders
  4 orc sorcerers
  15 mana vipers
  3 manticores
  A stone giant zombie (Vaults:2)
  23 ugly things
  12 guardian serpents
  A centaur zombie (D:10)
  Psyche (D:10)
  7 elephants
  An elephant (shapeshifter) (D:13)
  A frost giant skeleton (Vaults:4)
  24 naga magi
  A moth of wrath (shapeshifter) (Vaults:4)
  A human skeleton (Vaults:4)
  9 vault sentinels
  3 orange demons (Lair:6)
  3 torpor snails (Lair:1)
  2 molten gargoyles (Volcano)
  42 black mambas
  15 spiny frogs
  A smoke demon (Lair:6)
  27 yaktaurs
  A rime drake (shapeshifter) (Vaults:4)
  A rime drake (Lair:6)
  4 freezing wraiths
  5 komodo dragons
  2 yaktaur zombies (Vaults:4)
  An ice devil (Lair:6)
  A yaktaur skeleton (Vaults:2)
  A kobold demonologist (D:14)
  A red devil (Lair:6)
  5 trolls
  A tengu conjurer (Swamp:4)
  2 queen bees
  A tyrant leech (Swamp:2)
  4 polar bears
  14 hippogriffs
  15 hornets
  12 slime creatures
  23 blink frogs
  7 dream sheep (Lair:5)
  14 bog bodies
  2 vampires (D:14)
  3 shadows
  24 yaks
  Sigmund (D:6)
  A fire bat (Volcano)
  8 wraiths
  A steam dragon (D:11)
  4 hungry ghosts
  5 hogs (Snake:4)
  9 humans (D:13)
  3 basilisks
  A yaktaur simulacrum (Vaults:4)
  14 vampire mosquitoes
  Grum (D:8)
  2 wargs
  Menkaure (D:7)
  9 insubstantial wisps
  43 nagas
  A swamp worm (shapeshifter) (Vaults:5)
  18 swamp worms
  A two-headed ogre zombie (D:12)
  2 soldier ants (D:12)
  2 acid dragons
  36 water moccasins
  5 hell hounds (Lair:6)
  15 swamp drakes
  29 orc warriors
  9 porcupines
  3 phantoms (D:9)
  A sky beast (D:11)
  A slave (D:7)
  A black bear (D:8)
  6 ice beasts
  An eye of draining (D:12)
  2 necrophages
  A black bear (shapeshifter) (D:15)
  9 wolves
  32 ogres
  33 centaurs
  15 crocodiles
  3 big kobolds
  15 bullfrogs
  A wyvern zombie (D:13)
  5 scorpions
  35 killer bees
  4 wights (D:8)
  5 electric eels
  4 crimson imps
  5 lava snakes (Volcano)
  2 bullfrog zombies
  3 jellies
  9 orc priests
  7 hounds
  4 centaur skeletons
  3 iguanas
  12 worker ants
  Terence (D:2)
  17 orc wizards
  4 ogre zombies (D:12)
  A hound skeleton (D:10)
  Robin (D:3)
  A worker ant zombie (D:11)
  8 gnolls
  29 adders
  2 shadow imps
  3 white imps (Lair:2)
  4 oozes (Sewer)
  3 adder skeletons
  4 worms
  3 dart slugs (D:1)
  12 leopard geckos
  75 orcs
  5 ball pythons
  15 giant cockroaches
  15 goblins
  14 hobgoblins
  12 jackals
  22 kobolds
  5 quokkas
  11 bats
  3 frilled lizards
  A goblin zombie (D:12)
  2 hobgoblin skeletons (D:12)
  3 orc skeletons
  12 orc zombies (D:12)
  2 fungi
  3 plants
1409 creatures vanquished.

Vanquished Creatures (collateral kills)
  An ironheart preserver (Vaults:4)
  The ghost of Kave the Grappler, a novice TrTm of Sif Muna (D:9)
  A vault guard (Vaults:4)
  2 hydras
  2 naga sharpshooters (Snake:3)
  A deep troll (Vaults:4)
  2 swamp dragons (Swamp:4)
  A naga ritualist (Snake:3)
  A necromancer (D:13)
  An ironbrand convoker (Vaults:4)
  A bog body (Swamp:4)
  10 humans (D:13)
  A swamp worm (Swamp:4)
  An ogre (Vaults:4)
  A phantom (D:12)
  A bullfrog (D:12)
  A killer bee (D:12)
  A worker ant (D:12)
  3 ogre zombies (D:12)
  A shadow imp (D:12)
  A goblin zombie (D:12)
  A hobgoblin zombie (D:12)
  An orc skeleton (D:12)
  5 orc zombies (D:12)
42 creatures vanquished.

Vanquished Creatures (others)
  A two-headed ogre (Vaults:4)
  An alligator (Swamp:1)
  A deep elf mage (Vaults:1)
  A naga mage (Snake:4)
  A guardian serpent (Snake:4)
  A swamp drake (Swamp:2)
  An orc priest (Orc:2)
  7 fungi
  4 plants
18 creatures vanquished.

Grand Total: 1469 creatures vanquished

Notes
Turn   | Place    | Note
-------+----------+-------------------------------------------
     0 | D:1      | AllRandomAllDemise the Minotaur Berserker began the quest for the Orb.
     0 | D:1      | Reached XP level 1. HP: 19/19 MP: 0/0
   268 | D:1      | Reached skill level 4 in Axes
   276 | D:1      | Reached XP level 2. HP: 22/27 MP: 1/1
   831 | D:2      | Reached XP level 3. HP: 27/33 MP: 2/2
  1107 | D:2      | Reached skill level 5 in Axes
  1179 | D:2      | Reached XP level 4. HP: 41/41 MP: 3/3
  1184 | D:2      | Reached ** piety under Trog
  1472 | D:2      | Noticed Terence
  1478 | D:2      | Killed Terence
  1880 | D:2      | Reached skill level 6 in Axes
  1969 | D:3      | Noticed Robin
  1969 | D:3      | Reached XP level 5. HP: 47/47 MP: 4/4
  1977 | D:3      | Killed Robin
  1977 | D:3      | Reached skill level 5 in Fighting
  2768 | D:4      | Found an ornate altar of the Wu Jian Council.
  2814 | D:4      | Noticed an ogre
  2819 | D:4      | Killed an ogre
  2819 | D:4      | Reached skill level 7 in Axes
  2819 | D:4      | Reached XP level 6. HP: 33/56 MP: 5/5
  3927 | D:5      | Entered Level 5 of the Dungeon
  3967 | D:5      | Reached *** piety under Trog
  4148 | D:5      | Reached skill level 8 in Axes
  4148 | D:5      | Reached XP level 7. HP: 60/63 MP: 6/6
  5100 | D:6      | Reached skill level 9 in Axes
  5231 | D:6      | Found a hide-covered altar of Uskayaw.
  5250 | D:6      | Found a glowing drain.
  5270 | Sewer    | Entered a sewer
  5547 | Sewer    | Reached **** piety under Trog
  5814 | D:6      | Found a staircase to the Ecumenical Temple.
  5827 | D:6      | Reached XP level 8. HP: 54/71 MP: 7/7
  6021 | D:6      | Found a hazy altar of Hepliaklqana.
  6144 | D:6      | Noticed Sigmund
  6154 | D:6      | Killed Sigmund
  6154 | D:6      | Reached skill level 10 in Axes
  6154 | D:6      | Reached skill level 5 in Armour
  6920 | D:7      | Found a shimmering altar of Xom.
  7052 | D:7      | Reached skill level 11 in Axes
  7052 | D:7      | Reached XP level 9. HP: 47/81 MP: 8/8
  7240 | D:7      | Noticed Pikel
  7248 | D:7      | Killed Pikel
  7676 | D:7      | Noticed Menkaure
  7682 | D:7      | Killed Menkaure
  7918 | D:7      | Found an opulent altar of Gozag.
  8048 | D:8      | Noticed Erica
  8048 | D:8      | Noticed a two-headed ogre
  8056 | D:8      | Reached skill level 12 in Axes
  8059 | D:8      | Killed a two-headed ogre
  8065 | D:8      | Killed Erica
  8065 | D:8      | Reached skill level 13 in Axes
  8065 | D:8      | Reached XP level 10. HP: 70/93 MP: 9/9
  8294 | D:8      | Reached skill level 10 in Fighting
  8559 | D:8      | Reached ***** piety under Trog
  8837 | D:8      | Found a sparkling altar of Nemelex Xobeh.
  8837 | D:8      | Noticed Grum
  8849 | D:8      | Killed Grum
  9185 | D:9      | Noticed Kave's ghost (novice TrTm)
  9208 | D:9      | Reached skill level 14 in Axes
  9211 | D:9      | Killed Kave's ghost
  9395 | D:9      | Found a shimmering altar of Xom.
  9488 | D:9      | Noticed Erolcha
  9495 | D:9      | Killed Erolcha
  9495 | D:9      | Reached XP level 11. HP: 102/102 MP: 10/10
  9972 | D:10     | Entered Level 10 of the Dungeon
 10483 | D:10     | Reached skill level 10 in Armour
 10594 | D:10     | Found a staircase to the Lair.
 10595 | D:10     | Noticed Psyche
 10603 | D:10     | Reached skill level 15 in Axes
 10636 | D:10     | Killed Psyche
 10823 | D:10     | Found a radiant altar of Vehumet.
 10984 | D:10     | Found Moonim's Distillery.
 10992 | D:10     | Bought 2 potions of might for 112 gold pieces
 10992 | D:10     | Bought a potion of curing for 42 gold pieces
 10992 | D:10     | Bought a potion of haste for 140 gold pieces
 10992 | D:10     | Bought a potion of resistance for 140 gold pieces
 10992 | D:10     | Bought a potion of resistance for 140 gold pieces
 11242 | Lair:1   | Entered Level 1 of the Lair of Beasts
 11826 | Lair:1   | Found a snail-covered altar of Cheibriados.
 12728 | Lair:2   | Noticed a six-headed hydra
 12737 | Lair:2   | Killed an 11-headed hydra
 12737 | Lair:2   | Reached skill level 16 in Axes
 12993 | Lair:2   | Found a staircase to the Swamp.
 13106 | Lair:2   | Received a gift from Trog
 13274 | Lair:2   | Reached XP level 12. HP: 99/112 MP: 11/11
 13842 | Lair:2   | Got a crystal battleaxe
 13845 | Lair:2   | Identified the cursed +0 battleaxe "Qaex" {vamp, *Rage rPois MP+9} (You found it on level 2 of the Lair of Beasts)
 14203 | Lair:3   | Got a translucent amber ring
 15160 | Lair:4   | Reached skill level 17 in Axes
 15285 | Lair:4   | Identified the ring "Cidum" {-Tele rN+ MR- Int+4 Dex+5} (You found it on level 3 of the Lair of Beasts)
 15301 | Lair:4   | Found a staircase to the Snake Pit.
 15563 | Lair:4   | Noticed a seven-headed hydra
 15569 | Lair:4   | Killed an 11-headed hydra
 16167 | Lair:5   | Reached XP level 13. HP: 122/122 MP: 12/12
 16311 | Lair:5   | Reached skill level 18 in Axes
 17070 | Lair:6   | Entered Level 6 of the Lair of Beasts
 17191 | Lair:6   | Found a dark tunnel.
 17201 | Volcano  | Entered a volcano
 17372 | Volcano  | Found a radiant altar of Vehumet.
 17380 | Volcano  | Received a gift from Trog
 17799 | Lair:6   | Found a staircase to the Slime Pits.
 17803 | Lair:6   | Found a viscous altar of Jiyva.
 17929 | Lair:6   | Reached skill level 19 in Axes
 18840 | Lair:6   | Found a burning altar of Makhleb.
 19237 | Lair:6   | Found a gateway to Hell.
 19245 | Lair:6   | Got a slimy pewter amulet
 19247 | Lair:6   | Identified the amulet "Ryleadur" {rElec rF- Regen+ Str+3 Stlth+} (You found it on level 6 of the Lair of Beasts)
 19836 | D:11     | Reached XP level 14. HP: 133/133 MP: 13/13
 19903 | D:11     | Noticed Josephine
 19913 | D:11     | Killed Josephine
 20376 | D:11     | Found a shattered altar of Ashenzari.
 20768 | D:11     | Noticed Gastronok
 20784 | D:11     | Killed Gastronok
 20964 | D:12     | Reached skill level 15 in Fighting
 21095 | D:12     | Received a gift from Trog
 21114 | D:12     | Found a staircase to the Orcish Mines.
 21391 | D:12     | Reached skill level 20 in Axes
 21517 | D:12     | Reached ****** piety under Trog
 21814 | D:13     | Received a gift from Trog
 22373 | D:13     | Found Qithriy's Antique Armour Shoppe.
 22519 | D:13     | Found a gate to the Vaults.
 22750 | D:13     | Found the +4 robe of Augmentation {Str+4 Int+4 Dex+4}
 22810 | D:13     | Reached skill level 5 in Dodging
 23234 | D:14     | Reached skill level 15 in Armour
 23343 | D:14     | Found a labyrinth entrance.
 23356 | Lab      | Entered a labyrinth
 23572 | Lab      | Reached XP level 15. HP: 143/143 MP: 14/14
 23574 | Lab      | Got a slimy lead ring
 23602 | Lab      | Found the +15 Maxwell's patent armour {-Cast -Tele rElec MR+ rCorr}
 23602 | Lab      | Got a shimmering golden ring
 23607 | Lab      | Identified the ring of Gawoigg {rElec Str+2 Stlth+} (You found it in a labyrinth)
 23609 | Lab      | Identified the ring of the Tuna {rN+ Str+6 Int-3 SInv} (You took it off a minotaur in a labyrinth)
 23992 | D:14     | Received a gift from Trog
 24350 | D:14     | Found a shadowy altar of Dithmenos.
 24419 | D:15     | Entered Level 15 of the Dungeon
 24636 | D:15     | Reached skill level 21 in Axes
 25078 | D:15     | Found a staircase to the Depths.
 25124 | D:15     | Found Vufov's Gadget Emporium.
 26335 | Orc:1    | Entered Level 1 of the Orcish Mines
 26414 | Orc:1    | Found a roughly hewn altar of Beogh.
 26434 | Orc:1    | Noticed Nergalle
 26442 | Orc:1    | Killed Nergalle
 26601 | Orc:2    | Entered Level 2 of the Orcish Mines
 26603 | Orc:2    | Noticed Saint Roka
 26611 | Orc:2    | Gained mutation: You are frail. (-10% HP) [a neqoxec]
 26635 | Orc:2    | Killed Saint Roka
 26637 | Orc:2    | Found a roughly hewn altar of Beogh.
 26652 | Orc:2    | Received a gift from Trog
 26689 | Orc:1    | Lost mutation: You are frail. (-10% HP) [potion of mutation]
 26689 | Orc:1    | Gained mutation: Your flesh is heat resistant. (rF+) [potion of mutation]
 26689 | Orc:1    | Gained mutation: You tend to lose your temper in combat. [potion of mutation]
 26689 | Orc:1    | Gained mutation: You evolve. [potion of mutation]
 26918 | Orc:2    | Found Javeok Hauc's Antique Weapon Emporium.
 26949 | Orc:2    | Found Saapu Ciso's Antique Armour Emporium.
 26967 | Orc:2    | Found Ulatuez's Book Emporium.
 26987 | Orc:2    | Found Vieluu's General Store.
 26994 | Orc:2    | Bought a scroll of fear for 49 gold pieces
 27209 | Snake:1  | Entered Level 1 of the Snake Pit
 27538 | Snake:1  | Found a flickering gateway to a bazaar.
 27548 | Bazaar   | Entered a bazaar
 27548 | Bazaar   | Found Eruvum's Distillery.
 27548 | Bazaar   | Found Suiprima's Antique Armour Shop.
 27548 | Bazaar   | Found Bicoluin's General Store.
 27550 | Bazaar   | Found Fuggiapn's Armour Emporium.
 27550 | Bazaar   | Found Hoirch's Food Shop.
 27571 | Bazaar   | Bought a scroll of enchant armour for 112 gold pieces
 27571 | Bazaar   | Bought a potion of curing for 45 gold pieces
 27571 | Bazaar   | Bought a scroll of fear for 52 gold pieces
 27582 | Bazaar   | Bought a pair of embroidered gloves for 187 gold pieces
 27593 | Bazaar   | Bought a pair of embroidered gloves for 187 gold pieces
 27608 | Bazaar   | Bought 2 potions of curing for 66 gold pieces
 27608 | Bazaar   | Bought 2 potions of might for 88 gold pieces
 27608 | Bazaar   | Bought a potion of heal wounds for 55 gold pieces
 27608 | Bazaar   | Bought a potion of curing for 33 gold pieces
 27608 | Bazaar   | Bought a potion of invisibility for 88 gold pieces
 27608 | Bazaar   | Bought a potion of might for 44 gold pieces
 28823 | Lair:1   | Gained mutation: You are surrounded by a mild repulsion field. (EV +2) [evolution]
 28942 | Snake:2  | Reached XP level 16. HP: 128/152 MP: 13/15
 28988 | Snake:2  | Reached skill level 22 in Axes
 30150 | Snake:3  | Received a gift from Trog
 30270 | Snake:3  | Noticed Jorgrun
 30281 | Snake:3  | Killed Jorgrun
 30364 | Snake:3  | Found Wileus's Book Emporium.
 30469 | Snake:3  | Noticed Vashnia
 30488 | Snake:3  | Killed Vashnia
 31507 | Snake:4  | Entered Level 4 of the Snake Pit
 31522 | Snake:4  | Noticed Kirke
 31528 | Snake:4  | Reached skill level 23 in Axes
 31530 | Snake:4  | Received a gift from Trog
 31541 | Snake:4  | Killed Kirke
 31565 | Snake:4  | Got a jewelled morningstar
 31604 | Snake:4  | Reached XP level 17. HP: 162/162 MP: 16/16
 31677 | Snake:4  | Reached skill level 10 in Dodging
 32428 | Snake:4  | Noticed Aizul
 32450 | Snake:4  | Gained mutation: You are partially covered in icy blue scales. (AC +2) [evolution]
 32450 | Snake:4  | Lost mutation: You evolve. [end of evolution]
 32451 | Snake:4  | Killed Aizul
 32466 | Snake:4  | Received a gift from Trog
 33129 | Snake:4  | Reached skill level 24 in Axes
 33192 | Snake:4  | Got a serpentine rune of Zot
 33463 | Swamp:1  | Entered Level 1 of the Swamp
 33644 | Swamp:1  | Reached XP level 18. HP: 161/173 MP: 17/17
 33675 | Swamp:1  | Received a gift from Trog
 33823 | Swamp:1  | Found a frozen archway.
 33842 | Swamp:1  | Received a gift from Trog
 33851 | Swamp:1  | Got an ancient battleaxe {god gift}
 33852 | Swamp:1  | Identified the +11 battleaxe of the Goat {venom, rC- Int+4 SInv} (Trog gifted it to you on level 1 of the Swamp)
 35634 | Swamp:4  | Entered Level 4 of the Swamp
 35634 | Swamp:4  | Noticed edsrzf's ghost (adept BaWz)
 35880 | Swamp:4  | Received a gift from Trog
 35957 | Swamp:4  | Killed edsrzf's ghost
 36348 | Swamp:4  | Got an agate-encrusted chain mail
 36349 | Swamp:4  | Identified the cursed +0 chain mail of the Planets {Dex+3} (You found it on level 4 of the Swamp)
 36463 | Swamp:4  | Noticed the 27-headed Lernaean hydra
 36468 | Swamp:4  | Killed the 26-headed Lernaean hydra
 36474 | Swamp:4  | Got a decaying rune of Zot
 36575 | Swamp:4  | Paralysed by a hornet for 2 turns
 37284 | Vaults:1 | Entered Level 1 of the Vaults
 37344 | Vaults:1 | Found Iveodghuti's Assorted Antiques.
 37361 | Vaults:1 | Bought a glowing silver amulet for 245 gold pieces
 37361 | Vaults:1 | Bought a scroll of identify for 98 gold pieces
 37392 | Vaults:1 | Received a gift from Trog
 37531 | Vaults:1 | Reached skill level 25 in Axes
 37890 | Vaults:2 | Reached XP level 19. HP: 182/182 MP: 18/18
 38345 | Vaults:2 | Found a staircase to the Crypt.
 38345 | Vaults:2 | Found an ancient bone altar of Kikubaaqudgha.
 38346 | Vaults:2 | Found a basalt altar of Yredelemnul.
 38494 | Vaults:2 | Found Mefop's General Store.
 38502 | Vaults:2 | Bought a scroll of identify for 44 gold pieces
 38502 | Vaults:2 | Bought a scroll of teleportation for 66 gold pieces
 38615 | Vaults:3 | Paralysed by an ogre mage for 4 turns
 38696 | Vaults:3 | Found Caxizao's Assorted Antiques.
 38733 | Vaults:3 | Bought a scroll of magic mapping for 70 gold pieces
 38733 | Vaults:3 | Bought a scroll of enchant weapon for 150 gold pieces
 38733 | Vaults:3 | Bought a scroll of teleportation for 60 gold pieces
 38733 | Vaults:3 | Bought a potion of curing for 60 gold pieces
 38952 | Vaults:4 | Received a gift from Trog
 39145 | Vaults:4 | Lost intelligence.
 39578 | Vaults:4 | Found Upapleon's Antique Armour Emporium.
 39651 | Vaults:4 | Received a gift from Trog
 39794 | Vaults:4 | Found an iron altar of Okawaru.
 39847 | Vaults:4 | Reached skill level 26 in Axes
 40218 | Vaults:5 | Entered Level 5 of the Vaults
 40227 | Vaults:5 | Reached XP level 20. HP: 193/193 MP: 19/19
 40279 | Vaults:5 | Received a gift from Trog
 40318 | Vaults:5 | HP: 15/193 [shadow dragon/bolt of negative energy (18)]
 40318 | Vaults:5 | HP: 2/193 [shadow dragon (13)]
 40319 | Vaults:5 | Killed from afar by a sphinx

Skill      XL: |  1  2  3  4  5  6  7  8  9 10 11 12 13 14 15 16 17 18 19 20 |
---------------+-------------------------------------------------------------+-----
Axes           | 4 5 6 7 8 9 11 13 14 16 17 19 20 21 23 24 25 26 | 26.6
Fighting       | 4 5 6 8 9 11 12 13 14 15 16 17 18 19 20 | 20.2
Armour         | 3 4 6 8 9 11 12 13 15 16 17 18 19 | 19.8
Dodging        | 5 7 9 11 12 13 14 | 14.3

Action                   |  1- 3 |  4- 6 |  7- 9 | 10-12 | 13-15 | 16-18 | 19-21 || total
-------------------------+-------+-------+-------+-------+-------+-------+-------++-------
Melee: Hand axe          |    57 |   171 |   204 |       |       |       |       ||   432
       Headbutt          |     6 |    31 |    56 |   139 |   262 |   309 |   133 ||   936
       War axe           |       |       |    57 |       |       |       |       ||    57
       Battleaxe         |       |       |    34 |   602 |  1031 |  1119 |   425 ||  3211
       Unarmed           |       |       |       |     3 |       |       |       ||     3
Invok: Berserk           |     2 |     6 |     4 |    10 |    17 |    17 |     3 ||    59
       Trog's Hand       |       |       |       |     8 |    15 |    19 |     9 ||    51
       Brothers in Arms  |       |       |       |     1 |     2 |     3 |     1 ||     7
       Burn Spellbooks   |       |       |       |     1 |     1 |     2 |     1 ||     5
Evoke: Wand              |       |       |       |       |     1 |       |       ||     1
       Lamp of fire      |       |       |       |       |       |       |     1 ||     1
  Use: Scroll            |       |       |    16 |     9 |    15 |    11 |     2 ||    53
       Potion            |       |       |     1 |       |     1 |     1 |     4 ||     7
 Stab: Sleeping          |     1 |       |       |       |       |       |       ||     1
       Distracted        |       |       |       |       |     1 |     1 |       ||     2
       Confused          |       |       |       |       |       |     1 |       ||     1
  Eat: Chunk             |     1 |    10 |     8 |    22 |    30 |     3 |     8 ||    82
       Ration            |       |     2 |     3 |     6 |    14 |    14 |     2 ||    41
Armor: Animal skin       |     4 |     2 |       |       |       |       |       ||     6
       Chain mail        |       |    75 |   140 |    23 |       |       |       ||   238
       Plate armour      |       |       |       |   572 |   755 |   927 |   256 ||  2510
       Skin              |       |       |       |     8 |       |       |       ||     8
Dodge: Dodged            |    39 |    68 |   138 |   325 |   481 |   984 |   347 ||  2382
